NCAA
UCLA BRUINS @ BOSTON COLLEGE EAGLES
05/12/2025
 
TOP OF THE 1ST
UCLA Bruins batting - Pitching for Boston College Eagles : RHP Steve Sousa
Pitching: RHP Steve Sousa
Batting: RHB Will Walker 0-0: Ball
1-0: Fly out, F9 (Flyball, 89M)
Batting: RHB Kevin Weaver 0-0: Foul Ball, location: 2F
0-1: Ball
1-1: Foul Ball, location: 2F
1-2: Foul Ball, location: 2F
1-2: Ball
2-2: Ball
3-2: Ground out 4-3 (Groundball, 4)
Batting: LHB Simon Collins 0-0: Swinging Strike
0-1: Ball
1-1: Fly out, F8 (Flyball, 8RM)
Top of the 1st over - 0 run(s), 0 hit(s), 0 error(s), 0 left on base; UCLA 0 - Boston College 0
BOTTOM OF THE 1ST
Boston College Eagles batting - Pitching for UCLA Bruins : RHP Jimmy Márquez
Pitching: RHP Jimmy Márquez
Batting: RHB Randall Luna 0-0: Swinging Strike
0-1: Ball
1-1: Ball
2-1: Foul Ball, location: 2F
2-2: Strikes out swinging
Batting: SHB Felipe Castro 0-0: Ball
1-0: Fly out, F7 (Flyball, 7S)
Batting: LHB Dave Cook 0-0: Foul Ball, location: 2F
0-1: Ball
1-1: Foul Ball, location: 2F
1-2: SINGLE (Groundball, 4M)
Batting: RHB Vernon Sterling 0-0: Ball
1-0: Reached on error, E5 (Groundball, 5)
Dave Cook to second
Batting: RHB Emory Brooks 0-0: Fly out, F8 (Flyball, 8RM)
Bottom of the 1st over - 0 run(s), 1 hit(s), 1 error(s), 2 left on base; UCLA 0 - Boston College 0
TOP OF THE 2ND
UCLA Bruins batting - Pitching for Boston College Eagles : RHP Steve Sousa
Batting: RHB Roberto Rodríguez 0-0: Called Strike
0-1: Ball
1-1: Ground out 4-3 (Groundball, 4)
Batting: RHB José Cisneros 0-0: Called Strike
0-1: Ball
1-1: Called Strike
1-2: Strikes out looking
Batting: RHB Dave Baker 0-0: SINGLE (Groundball, 34)
Batting: LHB Ernie Russell 0-0: Ground out 5-3 (Groundball, 56S)
Top of the 2nd over - 0 run(s), 1 hit(s), 0 error(s), 1 left on base; UCLA 0 - Boston College 0
BOTTOM OF THE 2ND
Boston College Eagles batting - Pitching for UCLA Bruins : RHP Jimmy Márquez
Batting: RHB Dennis House 0-0: Ball
1-0: Ball
2-0: Ball
3-0: Base on Balls
Batting: LHB Greg Hyde 0-0: Ball
1-0: Ball
2-0: Ball
3-0: Base on Balls
Dennis House to second
Batting: RHB Jesús Morales 0-0: SINGLE (Groundball, 6)
Dennis House to third
Greg Hyde to second
Batting: RHB Will Stafford 0-0: Ball
1-0: Ball
2-0: Ball
3-0: Base on Balls
Dennis House scores
Greg Hyde to third
Jesús Morales to second
Batting: RHB Randall Luna 0-0: Foul Ball, location: 2F
0-1: Foul Ball, location: 2F
0-2: Strikes out swinging
Batting: SHB Felipe Castro 0-0: Ball
1-0: Fly out, F7 (Flyball, 78M)
Runner from 3rd tags up, SCORES, throw made
Batting: LHB Dave Cook 0-0: Ball
1-0: Ball
2-0: 3-RUN HOME RUN (Flyball, 78D), Distance : 383 ft
Batting: RHB Vernon Sterling 0-0: Swinging Strike
0-1: Ball
1-1: Ball
2-1: Fly out, F9 (Flyball, 89M)
Bottom of the 2nd over - 5 run(s), 2 hit(s), 0 error(s), 0 left on base; UCLA 0 - Boston College 5
TOP OF THE 3RD
UCLA Bruins batting - Pitching for Boston College Eagles : RHP Steve Sousa
Batting: LHB Tim Griffith 0-0: Ball
1-0: Ball
2-0: Fly out, F7 (Flyball, 78M)
Batting: RHB Bob Weaver 0-0: Ball
1-0: Foul Ball, location: 2F
1-1: Swinging Strike
1-2: Strikes out swinging
Batting: RHB Will Walker 0-0: Ball
1-0: Foul Ball, location: 2F
1-1: SINGLE (Flyball, 8RS)
Batting: RHB Kevin Weaver 0-0: Ball
Will Walker steals 2nd base
1-0: Fly out, F8 (Flyball, 8LD)
Top of the 3rd over - 0 run(s), 1 hit(s), 0 error(s), 1 left on base; UCLA 0 - Boston College 5
BOTTOM OF THE 3RD
Boston College Eagles batting - Pitching for UCLA Bruins : RHP Jimmy Márquez
Batting: RHB Emory Brooks 0-0: Ball
1-0: Foul Ball, location: 2F
1-1: Foul Ball, location: 2F
1-2: Foul Ball, location: 2F
1-2: Foul Ball, location: 2F
1-2: Strikes out swinging
Batting: RHB Dennis House 0-0: Fly out, F8 (Flyball, 8RM)
Batting: LHB Greg Hyde 0-0: Called Strike
0-1: Called Strike
0-2: Ball
1-2: Ball
2-2: Strikes out swinging
Bottom of the 3rd over - 0 run(s), 0 hit(s), 0 error(s), 0 left on base; UCLA 0 - Boston College 5
TOP OF THE 4TH
UCLA Bruins batting - Pitching for Boston College Eagles : RHP Steve Sousa
Batting: LHB Simon Collins 0-0: Swinging Strike
0-1: Swinging Strike
0-2: Ball
1-2: Ground out 4-3 (Groundball, 4)
Batting: RHB Roberto Rodríguez 0-0: Ball
1-0: Swinging Strike
1-1: Ball
2-1: Called Strike
2-2: Ball
3-2: Foul Ball, location: 2F
3-2: Base on Balls
Batting: RHB José Cisneros 0-0: Called Strike
0-1: Swinging Strike
0-2: Ball
1-2: Ball
2-2: Strikes out swinging
Batting: RHB Dave Baker 0-0: Called Strike
0-1: Foul Ball, location: 2F
0-2: Ball
1-2: Foul Ball, location: 2F
1-2: Ball
2-2: Ball
3-2: Foul Ball, location: 2F
3-2: Strikes out swinging
Top of the 4th over - 0 run(s), 0 hit(s), 0 error(s), 1 left on base; UCLA 0 - Boston College 5
BOTTOM OF THE 4TH
Boston College Eagles batting - Pitching for UCLA Bruins : RHP Jimmy Márquez
Batting: RHB Jesús Morales 0-0: Ball
1-0: Ball
2-0: SINGLE (Line Drive, 6MD)
Batting: RHB Will Stafford 0-0: Ball
1-0: Ball
2-0: Reached on error, E6 (Groundball, 6)
Jesús Morales to second
Batting: RHB Randall Luna 0-0: Fly out, F9 (Line Drive, 9M)
Runner from 2nd tags up, SAFE at 3rd with throw
Batting: SHB Felipe Castro 0-0: Fielders Choice at 2nd, 6-4 (Groundball, 6M)
Jesús Morales scores
Batting: LHB Dave Cook 0-0: Ball
1-0: Ball
2-0: Ball
3-0: Called Strike
3-1: Base on Balls
Felipe Castro to second
Batting: RHB Vernon Sterling 0-0: Called Strike
0-1: Ball
1-1: Reached on error, E5 (Groundball, 56)
Felipe Castro to third
Dave Cook to second
Batting: RHB Emory Brooks 0-0: Fielders Choice at 2nd, 6-4 (Groundball, 6)
Bottom of the 4th over - 1 run(s), 1 hit(s), 2 error(s), 2 left on base; UCLA 0 - Boston College 6
TOP OF THE 5TH
UCLA Bruins batting - Pitching for Boston College Eagles : RHP Steve Sousa
Batting: LHB Ernie Russell 0-0: Foul Ball, location: 2F
0-1: Ball
1-1: Ball
2-1: Ball
3-1: Called Strike
3-2: Base on Balls
Batting: LHB Tim Griffith 0-0: Foul Ball, location: 2F
0-1: Ball
1-1: Called Strike
1-2: Foul Ball, location: 2F
1-2: Fielders Choice at 2nd, 3-6 (Groundball, 3)
Batting: RHB Bob Weaver 0-0: Ball
1-0: Foul Ball, location: 2F
1-1: Foul Ball, location: 2F
1-2: Ball
2-2: Strikes out swinging
Batting: RHB Will Walker 0-0: Ball
1-0: Called Strike
1-1: Called Strike
Tim Griffith steals 2nd base
1-2: Ground out 3-4 (Groundball, 3)
Top of the 5th over - 0 run(s), 0 hit(s), 0 error(s), 1 left on base; UCLA 0 - Boston College 6
BOTTOM OF THE 5TH
Boston College Eagles batting - Pitching for UCLA Bruins : RHP Jimmy Márquez
Batting: RHB Dennis House 0-0: Ball
1-0: Ball
2-0: SINGLE (Line Drive, 6)
Batting: LHB Greg Hyde 0-0: Foul Ball, location: 2F
0-1: Fly out, F7 (Flyball, 78M)
Batting: RHB Jesús Morales 0-0: Ball
1-0: Swinging Strike
1-1: Ball
2-1: Foul Ball, location: 2F
2-2: Ball
3-2: SINGLE (Line Drive, 56D)
Dennis House to second
Batting: RHB Will Stafford 0-0: Called Strike
0-1: Ball
1-1: Ball
2-1: SINGLE (Flyball, 7S)
Dennis House to third
Jesús Morales to second
Pitching: LHP Shawn Gardner
Batting: RHB Randall Luna 0-0: Called Strike
0-1: Ball
1-1: Swinging Strike
1-2: Foul Ball, location: 2F
1-2: Strikes out swinging
Batting: SHB Felipe Castro 0-0: SINGLE (Groundball, 5D)
Dennis House scores
Jesús Morales to third
Will Stafford to second
Runner from 3rd tries for Home, SAFE, no throw or cutoff
Batting: LHB Dave Cook 0-0: Called Strike
0-1: Foul Ball, location: 2F
0-2: Ball
1-2: Ball
2-2: Ball
3-2: Fly out, F6 (Line Drive, 6)
Bottom of the 5th over - 2 run(s), 4 hit(s), 0 error(s), 2 left on base; UCLA 0 - Boston College 8
TOP OF THE 6TH
UCLA Bruins batting - Pitching for Boston College Eagles : RHP Steve Sousa
Batting: RHB Kevin Weaver 0-0: Ball
1-0: Swinging Strike
1-1: SINGLE (Line Drive, 56D)
Pitching: RHP Clinton Johnston
Batting: LHB Simon Collins 0-0: Foul Ball, location: 2F
0-1: Ball
1-1: Ball
2-1: Called Strike
2-2: Strikes out looking
Batting: RHB Roberto Rodríguez 0-0: Called Strike
0-1: 2-RUN HOME RUN (Line Drive, 7LD), Distance : 341 ft
Batting: RHB José Cisneros 0-0: Called Strike
0-1: Fly out, F9 (Flyball, 89D)
Batting: RHB Dave Baker 0-0: Ball
1-0: Foul Ball, location: 2F
1-1: Foul Ball, location: 2F
1-2: Foul Ball, location: 2F
1-2: Foul Ball, location: 2F
1-2: Strikes out swinging
Top of the 6th over - 2 run(s), 2 hit(s), 0 error(s), 0 left on base; UCLA 2 - Boston College 8
BOTTOM OF THE 6TH
Boston College Eagles batting - Pitching for UCLA Bruins : LHP Shawn Gardner
Batting: RHB Vernon Sterling 0-0: Ball
1-0: Fly out, F8 (Flyball, 89M)
Batting: RHB Emory Brooks 0-0: Ball
1-0: Ball
2-0: Foul Ball, location: 2F
2-1: Called Strike
2-2: Fly out, F5 (Popup, 5F)
Batting: RHB Dennis House 0-0: Ball
1-0: Ball
2-0: Ball
3-0: Base on Balls
Batting: LHB Greg Hyde 0-0: Fly out, F5 (Popup, 25)
Bottom of the 6th over - 0 run(s), 0 hit(s), 0 error(s), 1 left on base; UCLA 2 - Boston College 8
TOP OF THE 7TH
UCLA Bruins batting - Pitching for Boston College Eagles : RHP Clinton Johnston
Batting: LHB Ernie Russell 0-0: Swinging Strike
0-1: Ball
1-1: Called Strike
1-2: Ball
2-2: Foul Ball, location: 2F
2-2: Strikes out swinging
Batting: LHB Tim Griffith 0-0: Called Strike
0-1: Ball
1-1: Foul Ball, location: 2F
1-2: Ball
2-2: Foul Ball, location: 2F
2-2: Ball
3-2: Foul Ball, location: 2F
3-2: SINGLE (Flyball, 9LM)
Batting: RHB Bob Weaver 0-0: Ball
1-0: Called Strike
1-1: Called Strike
1-2: Foul Ball, location: 2F
1-2: Ball
2-2: Foul Ball, location: 2F
2-2: Foul Ball, location: 2F
2-2: Strikes out swinging
Batting: RHB Will Walker 0-0: Ball
1-0: Ball
2-0: Foul Ball, location: 2F
2-1: Ball
3-1: Base on Balls
Tim Griffith to second
Batting: RHB Kevin Weaver 0-0: Ball
1-0: Ball
2-0: Called Strike
2-1: Ball
3-1: Base on Balls
Tim Griffith to third
Will Walker to second
Batting: LHB Simon Collins 0-0: Ground out 4-3 (Groundball, 4)
Top of the 7th over - 0 run(s), 1 hit(s), 0 error(s), 3 left on base; UCLA 2 - Boston College 8
BOTTOM OF THE 7TH
Boston College Eagles batting - Pitching for UCLA Bruins : LHP Shawn Gardner
Batting: RHB Jesús Morales 0-0: Ball
1-0: Foul Ball, location: 2F
1-1: Ball
2-1: Ball
3-1: Base on Balls
Batting: RHB Will Stafford 0-0: Bunt missed!
0-1: Sac Bunt - play at first, batter OUT! 3-4
Jesús Morales to second
Pitching: RHP Clarence Wood
Batting: RHB Randall Luna 0-0: Ball
1-0: Called Strike
1-1: Swinging Strike
1-2: Foul Ball, location: 2F
1-2: Strikes out swinging
Batting: SHB Felipe Castro 0-0: Ball
1-0: Ball
2-0: Called Strike
2-1: Ball
3-1: Foul Ball, location: 2F
3-2: Ground out 6-3 (Groundball, 6)
Bottom of the 7th over - 0 run(s), 0 hit(s), 0 error(s), 1 left on base; UCLA 2 - Boston College 8
TOP OF THE 8TH
UCLA Bruins batting - Pitching for Boston College Eagles : RHP Clinton Johnston
Pitching: RHP Donnie Carpenter
Batting: RHB Roberto Rodríguez 0-0: Fly out, F8 (Flyball, 89S)
Batting: RHB José Cisneros 0-0: Foul Ball, location: 2F
0-1: Ball
1-1: Ball
2-1: Foul Ball, location: 2F
2-2: Ground out 4-3 (Groundball, 4)
Batting: RHB Dave Baker 0-0: Ball
1-0: Foul Ball, location: 2F
1-1: Called Strike
1-2: Strikes out swinging
Top of the 8th over - 0 run(s), 0 hit(s), 0 error(s), 0 left on base; UCLA 2 - Boston College 8
BOTTOM OF THE 8TH
Boston College Eagles batting - Pitching for UCLA Bruins : RHP Clarence Wood
Batting: LHB Dave Cook 0-0: Ball
1-0: Fly out, F7 (Flyball, 8LS)
Batting: RHB Vernon Sterling 0-0: Called Strike
0-1: Swinging Strike
0-2: Ball
1-2: Ball
2-2: Ground out 4-3 (Groundball, 4)
Batting: RHB Emory Brooks 0-0: Ball
1-0: Foul Ball, location: 2F
1-1: Foul Ball, location: 2F
1-2: Fly out, F6 (Line Drive, 6D)
Bottom of the 8th over - 0 run(s), 0 hit(s), 0 error(s), 0 left on base; UCLA 2 - Boston College 8
TOP OF THE 9TH
UCLA Bruins batting - Pitching for Boston College Eagles : RHP Donnie Carpenter
Now in RF: Wade Ayers
Batting: LHB Ernie Russell 0-0: Fly out, F7 (Flyball, 7LMF)
Batting: LHB Tim Griffith 0-0: Called Strike
0-1: Ball
1-1: Ball
2-1: Ball
3-1: Base on Balls
Batting: RHB Bob Weaver 0-0: Grounds into double play, 1-4-3 (Groundball, 15)
Top of the 9th over - 0 run(s), 0 hit(s), 0 error(s), 0 left on base; UCLA 2 - Boston College 8
This league is powered by Out of the Park Baseball, the baseball management simulation game for PC, Mac and Linux
Tuesday, August 2nd, 2016 - OOTP Baseball 16.8 Build 38